 Dungeon Crawl Stone Soup version 0.23-a0-635-g88ca12a (console) character file.

41 Duffy the Conjurer (level 3, 24/24 HPs)
             Began as a Demonspawn Fire Elementalist on Dec 27, 2018.
             Quit the game on level 2 of the Dungeon.
             The game lasted 00:01:01 (860 turns).

Duffy the Conjurer (Demonspawn Fire Elementalist)    Turns: 860, Time: 00:01:01

Health: 24/24      AC:  2    Str:  8    XL:     3   Next: 32%
Magic:  6/6        EV: 12    Int: 17    God:
Gold:   60         SH:  0    Dex: 13    Spells: 5/6 levels left

rFire    . . .     SeeInvis .   (no weapon)
rCold    . . .     Gourm    .   (no shield)
rNeg     . . .     Faith    .   a - +0 robe
rPois    .         Spirit   .   (helmet restricted)
rElec    .         Reflect  .   (no cloak)
rCorr    .         Harm     .   (no gloves)
MR       .....                  (no boots)
Stlth    ++........             (no amulet)
HPRegen  0.08/turn              (no ring)
MPRegen  0.10/turn              (no ring)

@: no status effects
A: horns 1
a: no special abilities


You were on level 2 of the Dungeon.
You were not hungry.

You visited 1 branch of the dungeon, and saw 2 of its levels.

You collected 60 gold pieces.

Inventory:

Armour
 a - a +0 robe (worn)
Wands
 f - a wand of polymorph (2)
Scrolls
 b - 3 scrolls of remove curse
 e - a scroll of amnesia
 g - a scroll of enchant weapon {unknown}
 h - 2 scrolls of identify {unknown}
 i - 6 scrolls of teleportation {unknown}
 k - a scroll of fear {unknown}
Potions
 d - a potion of lignification {unknown}
Comestibles
 c - 4 rations
 j - 5 chunks of flesh


   Skills:
 - Level 1.7 Dodging
 - Level 1.7 Stealth
 + Level 2.0 Spellcasting
 + Level 3.3 Conjurations
 + Level 2.7 Fire Magic


You had 5 spell levels left.
You knew the following spells:

 Your Spells              Type           Power        Failure   Level  Hunger
h - Flame Tongue          Conj/Fire      ##...        5%          1    #......

Your spell library contained the following spells:

 Spells                   Type           Power        Failure   Level  Hunger
 Throw Flame              Conj/Fire      ##....       9%          2    ###....
 Conjure Flame            Conj/Fire      ##......     17%         3    ###....
 Inner Flame              Hex/Fire       #.......     32%         3    ###....
 Sticky Flame             Conj/Fire      ##......     50%         4    #####..
 Fireball                 Conj/Fire      ##........   83%         5    ######.


Dungeon Overview and Level Annotations

Branches:
Dungeon (2/15)

Altars:


Innate Abilities, Weirdness & Mutations

You have a pair of small horns on your head.


Message History

a +0 dagger; a +0 robe; the human skeleton of Jessica Magic restored.
Things that are here:
a +0 ring mail; a goblin corpse You butcher the goblin corpse.
j - 5 chunks of flesh (gained 2)
Things that are here:
a +0 ring mail; a goblin skeleton
Things that are here:
a +0 ring mail; a goblin skeleton
k - a scroll labeled ZACLIO ICAT
Found a robe.
Found 6 sling bullets.
c - 4 rations (gained 1)
i - 5 scrolls labeled KIYFREEFYX (gained 1)
Found a quarterstaff.
Found a stone staircase leading up.
i - 6 scrolls labeled KIYFREEFYX (gained 1)
A ball python comes into view.
Found a scroll labeled JESIHU CIGOTO.
Are you sure you want to abandon this character and quit the game? (Confirm

..?.... ...... ...S.
.## %... ##... ...
#...# . #.# ##.#.# .
#.###.<.#.#
#@....#.#.# ...
###..####.#.# ...##
#...........### #..#
#........##...####..
#........####...# #.
#.....)..# #.#.###.
#........####.#.....
#...................
#.........###...###.


You could see a ball python (sleeping).

Vanquished Creatures
  Jessica (D:2)
  2 dart slugs (D:1)
  A giant cockroach (D:2)
  2 goblins
  2 hobgoblins (D:1)
  2 bats (D:1)
  A rat (D:1)
11 creatures vanquished.

Notes
Turn   | Place    | Note
-------+----------+-------------------------------------------
     0 | D:1      | Duffy the Demonspawn Fire Elementalist began the quest for
                  | the Orb.
     0 | D:1      | Reached XP level 1. HP: 13/13 MP: 3/3
   295 | D:1      | Reached skill level 2 in Conjurations
   458 | D:1      | Gained mutation: You have a pair of small horns on your
                  | head. [demonic ancestry]
   458 | D:1      | Reached XP level 2. HP: 13/19 MP: 0/5
   766 | D:2      | Noticed Jessica
   801 | D:2      | Killed Jessica
   801 | D:2      | Reached skill level 3 in Conjurations
   801 | D:2      | Reached XP level 3. HP: 23/24 MP: 3/6
   860 | D:2      | Quit the game

Vault maps used:
D:1:      onia_arrival_mini_spirals, patterned_corridor
D:2:      kennysheep_six_static_rooms, uniq_jessica

Skill      XL: |  1  2 |
---------------+-------+-----
Conjurations   | 2 3 |  3.3
Dodging        | |  1.7
Stealth        | |  1.7
Spellcasting   | |  2.0
Fire Magic     | |  2.7

Action                   || total
-------------------------++-------
Melee: Unarmed           ||    21
 Cast: Flame Tongue      ||    18
  Use: Scroll            ||     2
Armor: Robe              ||     2
       Skin              ||     3
Dodge: Dodged            ||    22

Table legend:
 A = Non-vault XP
 B = Vault XP
 C = Vault XP percentage of total XP
 D = Non-vault monster count
 E = Vault monster count
 F = Vault count percentage of total count
                 A         B        C        D         E       F
            +---------+---------+-------+---------+---------+-------
      Total |      22 |      37 |  62.7 |      10 |       1 |   9.1
            +---------+---------+-------+---------+---------+-------
        D:1 |      18 |       0 |   0.0 |       8 |       0 |   0.0
        D:2 |       4 |      37 |  90.2 |       2 |       1 |  33.3
            +---------+---------+-------+---------+---------+-------
